[ AOE2 MATCH · #468530822 ]
UnrankedKhitans vs Magyars
[ REPLAY ANALYSIS · EXTRACTED FROM THE RECORDED GAME ]
Feudal
8:26
Castle
23:50
Imperial
42:41
| APM avg | 61.9 |
| APM peak | 114 |
| eAPM avg | 30.5 |
| Villagers / military | 193 / 339 |
Focus
⚔️ 56.7% · 🌾 43.3%
Scout Cavalry ×174 · Steppe Lancer ×101 · Camel Scout ×34 · Battering Ram ×16 · Iron Pagoda ×9 · Monk ×5
Feudal
9:21
Castle
23:29
Imperial
42:41
| APM avg | 54.4 |
| APM peak | 108 |
| eAPM avg | 32.7 |
| Villagers / military | 249 / 414 |
Focus
⚔️ 30.0% · 🌾 70.0%
Spearman ×213 · Knight ×178 · Scout Cavalry ×23
Feudal
11:21
Castle
15:09
Imperial
42:00
| APM avg | 68.9 |
| APM peak | 117 |
| eAPM avg | 28.1 |
| Villagers / military | 208 / 488 |
Focus
⚔️ 40.6% · 🌾 59.4%
Scout Cavalry ×279 · Conquistador ×130 · Spearman ×78 · Monk ×1
Feudal
9:15
Castle
24:47
Imperial
44:19
| APM avg | 32.1 |
| APM peak | 87 |
| eAPM avg | 17.1 |
| Villagers / military | 144 / 238 |
Focus
⚔️ 37.7% · 🌾 62.3%
Archer ×178 · Skirmisher ×35 · Spearman ×18 · Monk ×2 · Petard ×2 · Trebuchet (Packed) ×2
Feudal
9:26
Castle
21:54
Imperial
37:15
| APM avg | 55.3 |
| APM peak | 138 |
| eAPM avg | 22.8 |
| Villagers / military | 158 / 106 |
Focus
⚔️ 30.4% · 🌾 69.6%
Spearman ×36 · Skirmisher ×32 · Iron Pagoda ×17 · Trade Cart ×11 · Fire Lancer ×5 · War Wagon ×4
Feudal
9:21
Castle
24:11
Imperial
52:32
| APM avg | 46.1 |
| APM peak | 99 |
| eAPM avg | 25.7 |
| Villagers / military | 170 / 413 |
Focus
⚔️ 44.2% · 🌾 55.8%
Skirmisher ×253 · Shotel Warrior ×79 · Archer ×52 · Mangonel ×10 · Battering Ram ×7 · Monk ×6
Match map
Initial resources + every placement click. Lines = walls · curves = elevation contours. ◆ gold · ⬟ stone · ● berries · ✦ relic · ◌ wall gap
Your base· ✓ Map-separated
[KMNB] Bandeira's base· ✓ Map-separated
Kolor Peru's base· ✓ Map-separated
[KMNB] ToRRaCa's base· ✓ Map-separated
MapucheMaldonado's base· ✓ Map-separated
[KMNB] Galodoido's base· ✓ Map-separated
Smoothed initial terrain · ◌ = detected wall gap · hover for details
Inputs per minute
— LMC | Bartolomee123 - - [KMNB] Bandeira
Build order — LMC | Bartolomee123
First 150 of 760 actions detected
| 0:01 | Queue | Villager (Male) |
| 0:01 | Queue | Villager (Male) |
| 0:02 | Build | House |
| 0:03 | Build | House |
| 0:06 | Queue | Villager (Male) ×2 |
| 1:24 | Queue | Villager (Male) |
| 2:05 | Queue | Villager (Male) |
| 2:05 | Queue | Villager (Male) |
| 2:18 | Build | Lumber Camp |
| 2:50 | Queue | Villager (Male) |
| 2:56 | Queue | Villager (Male) |
| 3:24 | Build | House |
| 3:29 | Queue | Villager (Male) |
| 3:34 | Queue | Villager (Male) |
| 4:17 | Queue | Villager (Male) |
| 4:39 | Queue | Villager (Male) |
| 4:44 | Queue | Villager (Male) |
| 4:46 | Build | Mill |
| 5:04 | Queue | Villager (Male) |
| 5:04 | Queue | Villager (Male) |
| 5:05 | Queue | Villager (Male) ×2 |
| 5:45 | Research | Loom |
| 6:14 | Research | Feudal Age |
| 6:56 | Build | House |
| 7:16 | Build | Barracks |
| 8:18 | Queue | Villager (Male) |
| 8:26 | Age | Feudal Age |
| 8:27 | Build | Stable |
| 8:41 | Build | Palisade Gate |
| 8:44 | Build | Palisade Wall |
| 8:51 | Build | House |
| 8:51 | Queue | Villager (Male) |
| 9:06 | Queue | Scout Cavalry |
| 9:07 | Queue | Scout Cavalry |
| 9:13 | Queue | Villager (Male) |
| 9:17 | Research | Double-Bit Axe |
| 9:28 | Queue | Scout Cavalry |
| 9:28 | Queue | Scout Cavalry |
| 9:33 | Queue | Villager (Male) |
| 9:57 | Queue | Villager (Male) |
| 10:02 | Build | Pasture |
| 10:19 | Queue | Scout Cavalry |
| 10:42 | Queue | Villager (Male) |
| 10:43 | Build | House |
| 10:49 | Build | House |
| 10:54 | Queue | Villager (Male) |
| 11:05 | Build | Blacksmith |
| 11:07 | Queue | Villager (Male) |
| 11:19 | Build | Pasture |
| 11:22 | Queue | Villager (Male) |
| 11:32 | Queue | Scout Cavalry |
| 11:45 | Queue | Villager (Male) |
| 12:24 | Research | Forging |
| 12:25 | Build | House |
| 12:40 | Queue | Villager (Male) |
| 12:42 | Build | Pasture |
| 12:44 | Build | Pasture |
| 12:54 | Queue | Scout Cavalry |
| 13:06 | Build | Pasture |
| 13:22 | Queue | Villager (Male) |
| 13:22 | Queue | Villager (Male) |
| 13:23 | Queue | Villager (Male) |
| 13:43 | Build | Pasture |
| 13:51 | Queue | Scout Cavalry |
| 14:12 | Build | Palisade Gate |
| 14:13 | Build | Palisade Wall |
| 14:14 | Build | Palisade Wall |
| 14:16 | Build | Palisade Wall |
| 14:22 | Queue | Scout Cavalry |
| 14:22 | Queue | Scout Cavalry |
| 14:23 | Queue | Scout Cavalry |
| 14:31 | Queue | Villager (Male) |
| 14:57 | Queue | Villager (Male) |
| 14:57 | Queue | Villager (Male) |
| 14:59 | Build | Pasture |
| 15:03 | Build | Pasture |
| 15:13 | Queue | Scout Cavalry |
| 15:27 | Build | Pasture |
| 15:29 | Build | Pasture |
| 15:34 | Queue | Scout Cavalry |
| 15:47 | Queue | Scout Cavalry |
| 15:47 | Queue | Scout Cavalry |
| 15:48 | Queue | Scout Cavalry |
| 15:57 | Build | House |
| 16:02 | Queue | Scout Cavalry |
| 16:26 | Build | Stone Wall |
| 16:27 | Build | Stone Wall |
| 16:27 | Build | Stone Wall |
| 16:35 | Build | Watch Tower |
| 16:39 | Build | Watch Tower |
| 16:41 | Queue | Villager (Male) |
| 17:02 | Queue | Scout Cavalry |
| 17:02 | Queue | Scout Cavalry |
| 17:02 | Queue | Scout Cavalry |
| 17:02 | Queue | Scout Cavalry |
| 17:03 | Queue | Scout Cavalry |
| 17:15 | Queue | Scout Cavalry |
| 17:19 | Queue | Scout Cavalry |
| 17:30 | Build | House |
| 17:45 | Build | House |
| 17:50 | Queue | Scout Cavalry |
| 17:51 | Queue | Scout Cavalry |
| 17:53 | Queue | Scout Cavalry |
| 17:57 | Build | House |
| 18:01 | Queue | Scout Cavalry |
| 18:08 | Queue | Scout Cavalry |
| 18:15 | Queue | Villager (Male) |
| 18:21 | Queue | Villager (Male) |
| 18:34 | Queue | Villager (Male) |
| 18:34 | Queue | Villager (Male) |
| 18:34 | Queue | Villager (Male) |
| 18:52 | Queue | Villager (Male) |
| 18:52 | Queue | Villager (Male) |
| 19:05 | Queue | Villager (Male) |
| 19:06 | Queue | Villager (Male) |
| 19:14 | Build | Stone Wall |
| 19:21 | Build | Gate |
| 19:23 | Build | Stone Wall |
| 19:23 | Build | Stone Wall |
| 19:31 | Queue | Villager (Male) |
| 19:36 | Queue | Villager (Male) |
| 19:36 | Queue | Villager (Male) |
| 19:47 | Build | Mining Camp |
| 19:53 | Build | Palisade Wall |
| 20:22 | Queue | Villager (Male) |
| 20:22 | Queue | Villager (Male) |
| 20:22 | Queue | Villager (Male) |
| 20:24 | Queue | Villager (Male) |
| 20:24 | Queue | Villager (Male) |
| 20:25 | Queue | Villager (Male) |
| 20:25 | Queue | Villager (Male) |
| 20:25 | Queue | Villager (Male) |
| 20:26 | Queue | Villager (Male) |
| 20:26 | Queue | Villager (Male) |
| 20:57 | Research | Castle Age |
| 21:33 | Queue | Scout Cavalry |
| 21:33 | Queue | Scout Cavalry |
| 22:03 | Queue | Scout Cavalry |
| 22:15 | Queue | Scout Cavalry |
| 22:17 | Queue | Villager (Male) |
| 22:24 | Research | Scale Barding Armor |
| 22:48 | Build | Stable |
| 23:50 | Age | Castle Age |
| 23:57 | Research | Light Cavalry (upgrade) |
| 23:59 | Build | Siege Workshop |
| 24:04 | Research | Chain Barding Armor |
| 24:07 | Queue | Villager (Male) |
| 24:17 | Queue | Scout Cavalry |
| 24:25 | Build | House |
| 24:28 | Queue | Villager (Male) |
Build order — [KMNB] Bandeira
First 150 of 866 actions detected
| 0:00 | Queue | Villager (Male) |
| 0:01 | Queue | Villager (Male) |
| 0:01 | Queue | Villager (Male) |
| 0:02 | Queue | Villager (Male) |
| 0:04 | Build | House |
| 0:07 | Build | House |
| 1:25 | Queue | Villager (Male) |
| 1:48 | Build | Lumber Camp |
| 2:05 | Queue | Villager (Male) |
| 2:18 | Queue | Villager (Male) |
| 2:39 | Queue | Villager (Male) |
| 3:09 | Queue | Villager (Male) |
| 3:39 | Build | House |
| 3:42 | Build | House |
| 3:47 | Queue | Villager (Male) |
| 4:08 | Queue | Villager (Male) |
| 4:08 | Queue | Villager (Male) |
| 4:23 | Queue | Villager (Male) |
| 4:28 | Build | Mill |
| 5:02 | Queue | Villager (Male) |
| 5:02 | Queue | Villager (Male) |
| 5:46 | Queue | Villager (Male) |
| 5:46 | Queue | Villager (Male) |
| 6:01 | Research | Loom |
| 7:11 | Research | Feudal Age |
| 7:53 | Queue | Villager (Male) |
| 7:53 | Queue | Villager (Male) |
| 8:10 | Build | Barracks |
| 8:33 | Build | House |
| 9:21 | Age | Feudal Age |
| 9:21 | Queue | Villager (Male) |
| 9:22 | Queue | Villager (Male) |
| 9:25 | Build | Stable |
| 9:29 | Research | Double-Bit Axe |
| 9:34 | Queue | Villager (Male) |
| 9:38 | Research | Horse Collar |
| 9:49 | Queue | Villager (Male) |
| 9:58 | Build | House |
| 10:12 | Queue | Scout Cavalry |
| 10:12 | Queue | Scout Cavalry |
| 10:31 | Queue | Scout Cavalry |
| 10:57 | Queue | Villager (Male) |
| 10:58 | Queue | Villager (Male) |
| 11:06 | Build | House |
| 11:07 | Build | House |
| 11:17 | Queue | Scout Cavalry |
| 11:20 | Build | Farm |
| 11:25 | Build | Farm |
| 11:29 | Build | Farm |
| 11:38 | Queue | Villager (Male) |
| 11:38 | Queue | Villager (Male) |
| 11:50 | Queue | Villager (Male) |
| 11:53 | Build | Farm |
| 11:59 | Build | Blacksmith |
| 12:09 | Build | Farm |
| 12:12 | Queue | Scout Cavalry |
| 12:21 | Queue | Villager (Male) |
| 12:21 | Queue | Villager (Male) |
| 12:26 | Build | Farm |
| 12:33 | Queue | Villager (Male) |
| 12:36 | Build | House |
| 12:45 | Queue | Scout Cavalry |
| 12:54 | Queue | Scout Cavalry |
| 13:00 | Research | Scale Barding Armor |
| 13:04 | Build | Farm |
| 13:05 | Build | Farm |
| 13:06 | Queue | Villager (Male) |
| 13:10 | Queue | Scout Cavalry |
| 13:13 | Queue | Scout Cavalry |
| 13:37 | Queue | Scout Cavalry |
| 13:52 | Queue | Scout Cavalry |
| 13:56 | Queue | Villager (Male) |
| 13:57 | Queue | Villager (Male) |
| 14:20 | Queue | Villager (Male) |
| 14:20 | Queue | Villager (Male) |
| 14:22 | Build | Farm |
| 14:23 | Build | Farm |
| 14:23 | Queue | Villager (Male) |
| 14:25 | Build | Farm |
| 14:32 | Build | House |
| 15:00 | Queue | Scout Cavalry |
| 15:11 | Queue | Scout Cavalry |
| 15:14 | Queue | Villager (Male) |
| 15:16 | Build | Farm |
| 15:22 | Build | Mining Camp |
| 15:23 | Queue | Villager (Male) |
| 15:23 | Queue | Villager (Male) |
| 16:07 | Queue | Scout Cavalry |
| 16:07 | Queue | Scout Cavalry |
| 16:11 | Queue | Scout Cavalry |
| 16:43 | Queue | Scout Cavalry |
| 17:15 | Queue | Scout Cavalry |
| 17:19 | Queue | Villager (Male) |
| 17:20 | Queue | Villager (Male) |
| 17:22 | Build | Farm |
| 17:22 | Build | Farm |
| 17:23 | Build | Farm |
| 17:23 | Build | Farm |
| 17:23 | Build | Farm |
| 17:39 | Queue | Scout Cavalry |
| 18:09 | Queue | Scout Cavalry |
| 18:21 | Queue | Scout Cavalry |
| 18:32 | Queue | Scout Cavalry |
| 18:49 | Queue | Villager (Male) |
| 19:09 | Queue | Scout Cavalry |
| 19:12 | Build | Farm |
| 19:12 | Build | Farm |
| 19:13 | Build | Farm |
| 19:16 | Queue | Villager (Male) |
| 19:19 | Build | Lumber Camp |
| 19:26 | Queue | Villager (Male) |
| 19:27 | Queue | Villager (Male) |
| 19:27 | Queue | Villager (Male) |
| 19:31 | Build | Mining Camp |
| 19:33 | Build | Market |
| 20:23 | Queue | Villager (Male) |
| 20:49 | Research | Castle Age |
| 20:54 | Build | Stable |
| 20:56 | Build | Stable |
| 20:59 | Research | Gold Mining |
| 21:19 | Research | Bloodlines |
| 21:44 | Queue | Villager (Male) |
| 21:44 | Queue | Villager (Male) |
| 21:50 | Build | House |
| 21:51 | Build | House |
| 21:52 | Build | House |
| 21:54 | Build | House |
| 21:55 | Build | House |
| 22:09 | Research | Horse Collar |
| 22:55 | Queue | Villager (Male) |
| 22:55 | Queue | Villager (Male) |
| 23:04 | Build | House |
| 23:07 | Build | House |
| 23:29 | Age | Castle Age |
| 23:34 | Research | Chain Barding Armor |
| 23:35 | Queue | Knight |
| 23:35 | Queue | Knight |
| 23:35 | Queue | Knight |
| 23:36 | Queue | Knight |
| 23:37 | Queue | Knight |
| 23:37 | Queue | Knight |
| 23:38 | Queue | Knight |
| 23:47 | Research | Husbandry |
| 23:49 | Queue | Villager (Male) |
| 23:52 | Build | Town Center |
| 23:59 | Build | Town Center |
| 24:03 | Research | Fletching |
| 24:09 | Queue | Villager (Male) |
| 24:23 | Queue | Knight |
| 24:35 | Queue | Villager (Male) |
Build order — Kolor Peru
First 150 of 702 actions detected
| 0:01 | Queue | Villager (Male) |
| 0:01 | Queue | Villager (Male) |
| 0:03 | Build | House |
| 0:04 | Build | House |
| 0:07 | Queue | Villager (Male) |
| 0:09 | Queue | Villager (Male) |
| 1:23 | Queue | Villager (Male) |
| 1:56 | Build | Lumber Camp |
| 2:02 | Queue | Villager (Male) |
| 2:05 | Queue | Villager (Male) |
| 2:50 | Queue | Villager (Male) |
| 2:50 | Queue | Villager (Male) |
| 3:01 | Queue | Villager (Male) |
| 3:26 | Build | House |
| 3:27 | Build | House |
| 3:29 | Queue | Villager (Male) |
| 3:30 | Queue | Villager (Male) |
| 3:47 | Queue | Villager (Male) |
| 3:48 | Queue | Villager (Male) |
| 4:34 | Research | Loom |
| 4:41 | Build | Mill |
| 4:59 | Queue | Villager (Male) |
| 5:26 | Queue | Villager (Male) |
| 5:51 | Queue | Villager (Male) |
| 6:00 | Queue | Villager (Male) |
| 6:19 | Queue | Villager (Male) |
| 6:58 | Queue | Villager (Male) |
| 7:03 | Queue | Villager (Male) |
| 7:04 | Queue | Villager (Male) |
| 7:11 | Queue | Villager (Male) |
| 7:34 | Queue | Villager (Male) |
| 8:01 | Build | House |
| 8:08 | Build | Mining Camp |
| 8:59 | Research | Feudal Age |
| 9:26 | Build | Mining Camp |
| 9:49 | Queue | Villager (Male) |
| 9:49 | Queue | Villager (Male) |
| 11:21 | Age | Feudal Age |
| 11:23 | Build | Market |
| 11:25 | Build | Blacksmith |
| 11:52 | Build | House |
| 12:29 | Research | Castle Age |
| 12:36 | Queue | Villager (Male) |
| 12:40 | Build | House |
| 12:51 | Queue | Villager (Male) |
| 13:06 | Build | House |
| 13:10 | Build | Palisade Wall |
| 13:11 | Build | Palisade Wall |
| 13:28 | Build | House |
| 13:31 | Build | Palisade Wall |
| 13:36 | Build | Palisade Wall |
| 13:37 | Build | Palisade Wall |
| 13:39 | Build | Palisade Wall |
| 13:41 | Build | Palisade Wall |
| 13:50 | Build | Palisade Wall |
| 14:00 | Build | House |
| 14:02 | Build | Palisade Wall |
| 14:05 | Queue | Villager (Male) |
| 14:22 | Build | Farm |
| 14:42 | Build | House |
| 14:46 | Build | Palisade Wall |
| 14:53 | Build | Farm |
| 15:09 | Age | Castle Age |
| 15:24 | Queue | Villager (Male) |
| 15:40 | Build | Farm |
| 15:53 | Build | Castle |
| 16:03 | Queue | Villager (Male) |
| 16:18 | Build | Farm |
| 16:44 | Queue | Conquistador |
| 16:44 | Queue | Conquistador |
| 16:58 | Queue | Villager (Male) |
| 17:05 | Queue | Villager (Male) |
| 17:07 | Build | Lumber Camp |
| 17:10 | Queue | Villager (Male) |
| 17:15 | Queue | Conquistador |
| 17:40 | Research | Double-Bit Axe |
| 17:41 | Queue | Villager (Male) |
| 17:49 | Queue | Conquistador |
| 18:10 | Build | Farm |
| 18:15 | Queue | Conquistador |
| 18:32 | Build | Farm |
| 18:35 | Build | Farm |
| 18:47 | Queue | Villager (Male) |
| 18:48 | Queue | Villager (Male) |
| 19:17 | Queue | Villager (Male) |
| 19:20 | Build | Farm |
| 19:21 | Build | Farm |
| 19:24 | Build | Farm |
| 19:25 | Build | Farm |
| 19:26 | Build | Farm |
| 19:41 | Queue | Villager (Male) |
| 19:47 | Build | Farm |
| 19:49 | Build | Farm |
| 20:01 | Queue | Conquistador |
| 20:05 | Build | Farm |
| 20:20 | Build | Farm |
| 20:26 | Queue | Conquistador |
| 20:26 | Queue | Conquistador |
| 20:36 | Build | Farm |
| 20:56 | Queue | Conquistador |
| 20:56 | Queue | Villager (Male) |
| 21:15 | Queue | Conquistador |
| 21:26 | Build | Farm |
| 21:26 | Build | Farm |
| 21:29 | Queue | Conquistador |
| 21:32 | Queue | Villager (Male) |
| 21:32 | Queue | Villager (Male) |
| 21:37 | Build | Farm |
| 21:54 | Queue | Villager (Male) |
| 21:54 | Queue | Villager (Male) |
| 22:04 | Queue | Conquistador |
| 22:16 | Build | Blacksmith |
| 22:31 | Queue | Villager (Male) |
| 22:32 | Queue | Villager (Male) |
| 22:54 | Queue | Villager (Male) |
| 22:54 | Queue | Villager (Male) |
| 23:05 | Queue | Conquistador |
| 23:06 | Queue | Conquistador |
| 23:06 | Queue | Conquistador |
| 23:12 | Research | Padded Archer Armor |
| 23:33 | Queue | Villager (Male) |
| 23:42 | Queue | Conquistador |
| 23:42 | Queue | Conquistador |
| 23:46 | Build | Town Center |
| 23:53 | Queue | Villager (Male) |
| 24:05 | Queue | Villager (Male) |
| 24:30 | Build | Farm |
| 24:33 | Build | Barracks |
| 24:34 | Build | Palisade Wall |
| 24:36 | Build | Palisade Wall |
| 24:43 | Queue | Villager (Male) |
| 24:45 | Research | Leather Archer Armor |
| 24:50 | Build | Farm |
| 24:59 | Queue | Villager (Male) |
| 25:00 | Queue | Villager (Male) |
| 25:07 | Build | Farm |
| 25:33 | Queue | Conquistador |
| 25:34 | Queue | Conquistador |
| 25:34 | Queue | Villager (Male) |
| 25:34 | Queue | Villager (Male) |
| 25:37 | Build | Farm |
| 25:38 | Build | Farm |
| 25:49 | Research | Horse Collar |
| 25:58 | Build | Farm |
| 26:00 | Build | Farm |
| 26:02 | Build | Farm |
| 26:06 | Queue | Villager (Male) |
| 26:07 | Queue | Villager (Male) |
| 26:07 | Queue | Villager (Male) |
| 26:12 | Build | Farm |
Build order — [KMNB] ToRRaCa
First 150 of 428 actions detected
| 0:00 | Queue | Villager (Male) ×4 |
| 0:02 | Build | House |
| 0:03 | Build | House |
| 1:28 | Queue | Villager (Male) |
| 1:45 | Build | Lumber Camp |
| 1:59 | Queue | Villager (Male) |
| 2:16 | Queue | Villager (Male) |
| 2:49 | Build | House |
| 2:54 | Queue | Villager (Male) |
| 3:14 | Queue | Villager (Male) |
| 3:24 | Queue | Villager (Male) |
| 3:57 | Queue | Villager (Male) |
| 4:23 | Build | House |
| 4:33 | Queue | Villager (Male) |
| 4:33 | Queue | Villager (Male) |
| 5:07 | Queue | Villager (Male) |
| 5:16 | Queue | Villager (Male) |
| 5:53 | Queue | Villager (Male) |
| 6:06 | Build | Mining Camp |
| 6:27 | Research | Loom |
| 7:02 | Research | Feudal Age |
| 7:47 | Build | Barracks |
| 8:05 | Queue | Villager (Male) |
| 8:05 | Queue | Villager (Male) |
| 8:43 | Build | House |
| 9:15 | Age | Feudal Age |
| 9:19 | Queue | Villager (Male) |
| 9:24 | Build | Archery Range |
| 9:47 | Build | House |
| 9:50 | Build | Palisade Wall |
| 9:56 | Queue | Villager (Male) |
| 9:59 | Research | Double-Bit Axe |
| 10:15 | Build | House |
| 10:18 | Build | Palisade Wall |
| 10:26 | Build | Archery Range |
| 10:27 | Queue | Archer |
| 10:30 | Build | Palisade Wall |
| 10:33 | Build | Palisade Wall |
| 10:40 | Queue | Spearman |
| 10:40 | Queue | Spearman |
| 10:43 | Build | Palisade Wall |
| 10:45 | Build | Palisade Wall |
| 10:47 | Build | Palisade Wall |
| 10:48 | Build | Palisade Wall |
| 10:50 | Build | Palisade Wall |
| 10:55 | Queue | Villager (Male) |
| 11:10 | Queue | Villager (Male) |
| 11:13 | Queue | Archer |
| 11:24 | Queue | Archer |
| 11:35 | Build | Blacksmith |
| 11:57 | Build | Mill |
| 12:22 | Queue | Spearman |
| 12:26 | Build | Palisade Wall |
| 12:39 | Queue | Spearman |
| 12:41 | Queue | Archer |
| 12:42 | Queue | Archer |
| 12:51 | Queue | Villager (Male) |
| 13:20 | Queue | Villager (Male) |
| 13:21 | Queue | Archer |
| 13:22 | Queue | Villager (Male) |
| 13:42 | Queue | Villager (Male) |
| 14:07 | Queue | Archer |
| 14:19 | Build | House |
| 14:21 | Build | Palisade Wall |
| 14:26 | Build | Palisade Wall |
| 15:05 | Queue | Spearman |
| 15:05 | Queue | Spearman |
| 15:11 | Research | Fletching |
| 15:19 | Queue | Villager (Male) |
| 15:22 | Build | Farm |
| 15:22 | Build | Farm |
| 15:22 | Build | Farm |
| 15:23 | Build | Farm |
| 15:50 | Queue | Archer ×2 |
| 15:55 | Build | House |
| 15:59 | Build | Palisade Wall |
| 16:10 | Queue | Villager (Male) |
| 16:11 | Queue | Villager (Male) |
| 17:09 | Queue | Villager (Male) |
| 17:09 | Queue | Villager (Male) |
| 17:10 | Queue | Villager (Male) |
| 17:13 | Queue | Archer ×4 |
| 17:14 | Research | Padded Archer Armor |
| 18:09 | Build | House |
| 18:11 | Build | House |
| 18:12 | Build | House |
| 18:16 | Research | Wheelbarrow |
| 18:19 | Queue | Archer ×5 |
| 19:11 | Build | Farm |
| 19:11 | Build | Farm |
| 19:11 | Build | Farm |
| 19:12 | Build | Farm |
| 19:12 | Build | Farm |
| 19:12 | Build | Farm |
| 19:12 | Build | Farm |
| 19:16 | Build | Farm |
| 19:17 | Build | Farm |
| 19:17 | Build | Farm |
| 19:17 | Build | Farm |
| 19:18 | Research | Horse Collar |
| 19:21 | Build | Palisade Wall |
| 19:23 | Build | Palisade Wall |
| 19:26 | Build | Farm |
| 19:29 | Queue | Villager (Male) |
| 19:33 | Queue | Archer ×2 |
| 21:07 | Build | Market |
| 21:09 | Queue | Villager (Male) |
| 21:09 | Queue | Villager (Male) |
| 21:42 | Build | Palisade Wall |
| 22:07 | Research | Castle Age |
| 22:13 | Queue | Skirmisher ×2 |
| 22:13 | Queue | Archer ×3 |
| 22:33 | Build | Watch Tower |
| 23:03 | Build | House |
| 23:06 | Build | House |
| 23:16 | Build | Lumber Camp |
| 23:20 | Build | House |
| 23:54 | Queue | Villager (Male) |
| 23:54 | Queue | Villager (Male) |
| 24:04 | Research | Gold Mining |
| 24:15 | Build | House |
| 24:47 | Age | Castle Age |
| 25:14 | Research | Elite Skirmisher (upgrade) |
| 25:15 | Queue | Skirmisher |
| 25:16 | Queue | Skirmisher |
| 25:49 | Queue | Villager (Male) ×3 |
| 25:58 | Queue | Skirmisher |
| 26:42 | Queue | Skirmisher ×4 |
| 27:18 | Queue | Archer ×5 |
| 27:20 | Queue | Villager (Male) |
| 27:20 | Queue | Villager (Male) |
| 27:22 | Queue | Villager (Male) |
| 27:50 | Queue | Spearman |
| 27:52 | Queue | Spearman |
| 28:34 | Build | Palisade Wall |
| 28:38 | Build | Farm |
| 28:39 | Queue | Villager (Male) |
| 28:39 | Queue | Villager (Male) |
| 28:45 | Build | Farm |
| 28:45 | Build | Farm |
| 28:48 | Research | Heavy Plow |
| 28:52 | Build | Farm |
| 29:20 | Research | Crossbowman (upgrade) |
| 29:24 | Queue | Archer ×4 |
| 29:35 | Build | House |
| 29:42 | Queue | Villager (Male) |
| 29:42 | Queue | Villager (Male) |
| 30:07 | Build | House |
| 30:14 | Research | Bodkin Arrow |
| 30:25 | Build | University |
Build order — MapucheMaldonado
First 150 of 462 actions detected
| 0:00 | Queue | Villager (Male) |
| 0:01 | Queue | Villager (Male) |
| 0:01 | Queue | Villager (Male) |
| 0:02 | Build | House |
| 0:03 | Build | House |
| 0:07 | Queue | Villager (Male) |
| 1:33 | Queue | Villager (Male) |
| 1:53 | Build | Lumber Camp |
| 2:04 | Queue | Villager (Male) |
| 2:21 | Queue | Villager (Male) |
| 2:50 | Queue | Villager (Male) |
| 3:02 | Build | House |
| 3:22 | Queue | Villager (Male) |
| 3:27 | Queue | Villager (Male) |
| 4:01 | Build | Mill |
| 4:16 | Queue | Villager (Male) |
| 4:17 | Queue | Villager (Male) |
| 4:17 | Queue | Villager (Male) |
| 5:05 | Queue | Villager (Male) |
| 5:25 | Queue | Villager (Male) |
| 5:33 | Queue | Villager (Male) |
| 6:07 | Queue | Villager (Male) |
| 6:48 | Queue | Villager (Male) |
| 6:50 | Research | Loom |
| 7:16 | Research | Feudal Age |
| 7:25 | Build | Barracks |
| 8:10 | Build | Mining Camp |
| 8:40 | Build | House |
| 8:48 | Build | House |
| 9:16 | Build | Dock |
| 9:22 | Queue | Villager (Male) |
| 9:26 | Age | Feudal Age |
| 9:29 | Queue | Spearman |
| 9:47 | Queue | Villager (Male) |
| 9:57 | Build | Palisade Wall |
| 9:58 | Build | Palisade Wall |
| 10:03 | Queue | Fire Galley |
| 10:10 | Queue | Villager (Male) |
| 10:18 | Queue | Villager (Male) |
| 10:23 | Research | Double-Bit Axe |
| 10:26 | Queue | Fishing Ship |
| 10:30 | Queue | Spearman |
| 10:44 | Build | House |
| 10:51 | Research | Wheelbarrow |
| 11:10 | Build | House |
| 11:12 | Build | Palisade Wall |
| 11:36 | Queue | Villager (Male) |
| 11:44 | Build | Archery Range |
| 12:13 | Build | Palisade Wall |
| 12:16 | Build | Palisade Wall |
| 12:18 | Build | House |
| 12:21 | Queue | Villager (Male) |
| 12:27 | Queue | Fishing Ship |
| 12:43 | Queue | Villager (Male) |
| 12:49 | Build | Palisade Wall |
| 12:51 | Build | Palisade Wall |
| 12:52 | Build | Palisade Wall |
| 13:00 | Build | Blacksmith |
| 13:04 | Queue | Villager (Male) |
| 13:18 | Queue | Archer |
| 13:27 | Queue | Skirmisher |
| 13:42 | Queue | Villager (Male) |
| 14:07 | Build | House |
| 14:09 | Queue | Skirmisher |
| 14:13 | Queue | Villager (Male) |
| 14:13 | Queue | Villager (Male) |
| 14:20 | Build | Archery Range |
| 14:22 | Research | Fletching |
| 14:39 | Queue | Skirmisher |
| 14:51 | Queue | Villager (Male) |
| 14:58 | Build | Market |
| 15:03 | Build | House |
| 15:06 | Queue | Skirmisher |
| 15:40 | Queue | Villager (Male) |
| 15:40 | Queue | Villager (Male) |
| 15:42 | Build | Farm |
| 15:43 | Build | Farm |
| 15:43 | Build | Farm |
| 15:55 | Queue | Skirmisher |
| 15:55 | Queue | Skirmisher |
| 15:58 | Build | House |
| 15:59 | Build | Palisade Wall |
| 16:10 | Build | Palisade Wall |
| 16:13 | Build | Palisade Wall |
| 16:15 | Queue | Skirmisher |
| 16:28 | Queue | Villager (Male) |
| 16:32 | Build | Farm |
| 16:33 | Build | Farm |
| 16:33 | Build | Farm |
| 16:33 | Build | Farm |
| 16:33 | Build | Farm |
| 17:03 | Queue | Villager (Male) |
| 17:03 | Queue | Villager (Male) |
| 17:17 | Build | Farm |
| 17:18 | Build | Farm |
| 17:22 | Queue | Fire Galley |
| 17:25 | Queue | Fire Galley |
| 17:40 | Queue | Villager (Male) |
| 18:04 | Queue | Villager (Male) |
| 18:12 | Build | Farm |
| 18:15 | Build | Farm |
| 18:16 | Build | Farm |
| 18:17 | Build | Farm |
| 18:19 | Build | Farm |
| 18:34 | Queue | Archer |
| 18:34 | Queue | Archer |
| 18:43 | Build | Farm |
| 18:45 | Build | House |
| 19:13 | Research | Castle Age |
| 19:27 | Build | House |
| 19:50 | Queue | Skirmisher |
| 19:50 | Queue | Skirmisher |
| 20:09 | Queue | Fire Galley |
| 20:26 | Queue | Skirmisher |
| 20:26 | Queue | Skirmisher |
| 20:32 | Queue | Villager (Male) |
| 20:33 | Build | House |
| 20:36 | Build | Watch Tower |
| 20:58 | Queue | Skirmisher |
| 20:58 | Queue | Skirmisher |
| 21:19 | Build | House |
| 21:21 | Build | Palisade Wall |
| 21:21 | Build | Palisade Wall |
| 21:22 | Build | Palisade Wall |
| 21:22 | Build | Palisade Wall |
| 21:31 | Build | Mining Camp |
| 21:54 | Age | Castle Age |
| 21:56 | Queue | Villager (Male) |
| 21:59 | Research | Bodkin Arrow |
| 22:03 | Research | Elite Skirmisher (upgrade) |
| 22:13 | Research | Town Watch |
| 22:23 | Queue | Villager (Male) |
| 22:23 | Queue | Villager (Male) |
| 22:26 | Research | Bow Saw |
| 22:46 | Build | Farm |
| 22:47 | Queue | Villager (Male) |
| 22:59 | Build | House |
| 23:01 | Build | Palisade Wall |
| 23:15 | Queue | Skirmisher |
| 23:15 | Queue | Skirmisher |
| 23:22 | Queue | Villager (Male) |
| 23:38 | Queue | Villager (Male) |
| 23:38 | Queue | Villager (Male) |
| 23:43 | Build | University |
| 23:51 | Build | Palisade Wall |
| 23:59 | Queue | Skirmisher |
| 24:00 | Queue | Villager (Male) |
| 24:15 | Queue | Villager (Male) |
| 24:15 | Queue | Villager (Male) |
| 24:20 | Queue | Villager (Male) |
Build order — [KMNB] Galodoido
First 150 of 569 actions detected
| 0:00 | Queue | Villager (Male) |
| 0:01 | Queue | Villager (Male) |
| 0:01 | Queue | Villager (Male) |
| 0:04 | Build | House |
| 0:06 | Build | House |
| 0:26 | Queue | Villager (Male) |
| 1:34 | Queue | Villager (Male) |
| 1:34 | Queue | Villager (Male) |
| 1:34 | Queue | Villager (Male) |
| 2:06 | Queue | Villager (Male) |
| 2:06 | Queue | Villager (Male) |
| 2:16 | Build | Lumber Camp |
| 2:34 | Queue | Villager (Male) |
| 2:35 | Queue | Villager (Male) |
| 2:35 | Queue | Villager (Male) |
| 3:11 | Queue | Villager (Male) |
| 3:40 | Queue | Villager (Male) |
| 3:40 | Queue | Villager (Male) |
| 3:50 | Build | House |
| 4:09 | Queue | Villager (Male) |
| 4:09 | Queue | Villager (Male) |
| 4:10 | Queue | Villager (Male) |
| 4:50 | Queue | Villager (Male) |
| 5:10 | Queue | Villager (Male) |
| 5:20 | Queue | Villager (Male) |
| 6:33 | Queue | Villager (Male) |
| 6:33 | Queue | Villager (Male) |
| 6:37 | Build | Mining Camp |
| 7:11 | Research | Feudal Age |
| 7:43 | Research | Loom |
| 8:18 | Build | House |
| 8:22 | Build | Barracks |
| 8:23 | Build | Palisade Wall |
| 8:49 | Build | Palisade Wall |
| 8:53 | Build | Palisade Wall |
| 9:05 | Build | Palisade Wall |
| 9:06 | Build | Palisade Wall |
| 9:06 | Build | Palisade Wall |
| 9:07 | Build | Palisade Wall |
| 9:07 | Build | Palisade Wall |
| 9:10 | Build | Palisade Wall |
| 9:11 | Build | Palisade Wall |
| 9:14 | Build | Palisade Wall |
| 9:15 | Build | Palisade Wall |
| 9:16 | Build | Palisade Wall |
| 9:16 | Build | Palisade Wall |
| 9:21 | Age | Feudal Age |
| 9:27 | Build | Archery Range |
| 9:28 | Build | Archery Range |
| 9:30 | Build | Palisade Wall |
| 9:33 | Build | Palisade Wall |
| 9:56 | Build | Palisade Wall |
| 10:01 | Queue | Villager (Male) |
| 10:01 | Queue | Villager (Male) |
| 10:01 | Queue | Villager (Male) |
| 10:01 | Queue | Villager (Male) |
| 10:09 | Queue | Villager (Male) |
| 10:09 | Queue | Villager (Male) |
| 10:29 | Queue | Archer |
| 10:29 | Queue | Archer |
| 10:37 | Build | House |
| 10:40 | Build | House |
| 10:42 | Build | Palisade Wall |
| 10:53 | Queue | Archer |
| 10:53 | Queue | Archer |
| 10:58 | Queue | Archer |
| 10:58 | Queue | Archer |
| 11:03 | Build | Blacksmith |
| 11:04 | Build | Palisade Wall |
| 11:05 | Build | Palisade Wall |
| 11:19 | Queue | Villager (Male) |
| 11:19 | Queue | Villager (Male) |
| 11:27 | Queue | Archer |
| 11:27 | Queue | Archer |
| 11:34 | Queue | Villager (Male) |
| 11:45 | Build | House |
| 11:46 | Build | Palisade Wall |
| 11:48 | Build | Palisade Wall |
| 12:02 | Build | Palisade Wall |
| 12:05 | Queue | Archer |
| 12:05 | Queue | Archer |
| 12:12 | Build | Mill |
| 12:13 | Queue | Villager (Male) |
| 12:13 | Queue | Villager (Male) |
| 12:25 | Queue | Villager (Male) |
| 12:25 | Queue | Villager (Male) |
| 12:35 | Queue | Archer |
| 12:35 | Queue | Archer |
| 12:56 | Queue | Archer |
| 12:56 | Queue | Archer |
| 12:57 | Queue | Archer |
| 13:14 | Build | House |
| 13:18 | Build | House |
| 13:19 | Queue | Archer |
| 13:20 | Queue | Archer |
| 13:33 | Queue | Villager (Male) |
| 13:58 | Queue | Villager (Male) |
| 14:06 | Build | Farm |
| 14:06 | Queue | Villager (Male) |
| 14:07 | Queue | Villager (Male) |
| 14:14 | Build | Farm |
| 14:18 | Build | House |
| 14:21 | Queue | Archer |
| 14:21 | Queue | Archer |
| 14:39 | Queue | Archer |
| 14:46 | Build | Palisade Gate |
| 14:51 | Queue | Villager (Male) |
| 14:56 | Build | Farm |
| 14:58 | Build | House |
| 14:59 | Build | House |
| 15:01 | Queue | Archer |
| 15:01 | Queue | Archer |
| 15:11 | Queue | Villager (Male) |
| 15:11 | Queue | Archer |
| 15:28 | Queue | Villager (Male) |
| 15:30 | Build | Farm |
| 15:34 | Queue | Archer |
| 15:52 | Build | Palisade Wall |
| 15:53 | Build | Palisade Wall |
| 15:54 | Build | House |
| 15:55 | Queue | Villager (Male) |
| 16:00 | Queue | Archer |
| 16:00 | Queue | Archer |
| 16:29 | Build | House |
| 16:32 | Build | House |
| 16:33 | Build | Palisade Wall |
| 16:36 | Queue | Archer |
| 16:40 | Research | Double-Bit Axe |
| 16:43 | Build | Farm |
| 16:44 | Build | Farm |
| 16:50 | Queue | Villager (Male) |
| 16:55 | Queue | Archer |
| 17:08 | Build | Farm |
| 17:19 | Build | House |
| 17:22 | Queue | Archer |
| 17:42 | Build | Farm |
| 17:53 | Build | House |
| 17:56 | Queue | Villager (Male) |
| 17:57 | Queue | Archer |
| 17:57 | Queue | Archer |
| 18:06 | Queue | Archer |
| 18:07 | Queue | Archer |
| 18:10 | Queue | Villager (Male) |
| 18:12 | Queue | Villager (Male) |
| 18:12 | Queue | Villager (Male) |
| 18:13 | Queue | Archer |
| 18:13 | Queue | Archer |
| 18:37 | Build | House |
| 18:54 | Build | Farm |
| 18:57 | Build | Farm |
Match timeline
| 7:16 | LMC | Bartolomee123 · first_building Barracks |
| 7:25 | MapucheMaldonado · first_building Barracks |
| 7:47 | [KMNB] ToRRaCa · first_building Barracks |
| 8:10 | [KMNB] Bandeira · first_building Barracks |
| 8:22 | [KMNB] Galodoido · first_building Barracks |
| 8:23 | [KMNB] Galodoido · wall_segment Palisade Wall x3 |
| 8:26 | LMC | Bartolomee123 · age_up feudal |
| 8:27 | LMC | Bartolomee123 · first_building Stable |
| 8:44 | LMC | Bartolomee123 · wall_segment Palisade Wall x5 |
| 8:49 | [KMNB] Galodoido · wall_segment Palisade Wall x2 |
| 8:53 | [KMNB] Galodoido · wall_segment Palisade Wall x1 |
| 9:05 | [KMNB] Galodoido · wall_segment Palisade Wall x1 |
| 9:06 | [KMNB] Galodoido · wall_segment Palisade Wall x1 |
| 9:06 | [KMNB] Galodoido · wall_segment Palisade Wall x1 |
| 9:07 | [KMNB] Galodoido · wall_segment Palisade Wall x1 |
| 9:07 | [KMNB] Galodoido · wall_segment Palisade Wall x1 |
| 9:10 | [KMNB] Galodoido · wall_segment Palisade Wall x1 |
| 9:11 | [KMNB] Galodoido · wall_segment Palisade Wall x1 |
| 9:14 | [KMNB] Galodoido · wall_segment Palisade Wall x1 |
| 9:15 | [KMNB] Galodoido · wall_segment Palisade Wall x1 |
| 9:15 | [KMNB] ToRRaCa · age_up feudal |
| 9:16 | [KMNB] Galodoido · wall_segment Palisade Wall x1 |
| 9:16 | MapucheMaldonado · first_building Dock |
| 9:16 | [KMNB] Galodoido · wall_segment Palisade Wall x1 |
| 9:21 | [KMNB] Bandeira · age_up feudal |
| 9:21 | [KMNB] Galodoido · age_up feudal |
| 9:24 | [KMNB] ToRRaCa · first_building Archery Range |
| 9:25 | [KMNB] Bandeira · first_building Stable |
| 9:26 | MapucheMaldonado · age_up feudal |
| 9:27 | [KMNB] Galodoido · first_building Archery Range |
| 9:30 | [KMNB] Galodoido · wall_segment Palisade Wall x3 |
| 9:33 | [KMNB] Galodoido · wall_segment Palisade Wall x5 |
| 9:50 | [KMNB] ToRRaCa · wall_segment Palisade Wall x6 |
| 9:56 | [KMNB] Galodoido · wall_segment Palisade Wall x1 |
| 9:57 | MapucheMaldonado · wall_segment Palisade Wall x1 |
| 9:58 | MapucheMaldonado · wall_segment Palisade Wall x1 |
| 10:18 | [KMNB] ToRRaCa · wall_segment Palisade Wall x2 |
| 10:30 | [KMNB] ToRRaCa · wall_segment Palisade Wall x1 |
| 10:33 | [KMNB] ToRRaCa · wall_segment Palisade Wall x1 |
| 10:42 | [KMNB] Galodoido · wall_segment Palisade Wall x2 |
| 10:43 | [KMNB] ToRRaCa · wall_segment Palisade Wall x1 |
| 10:45 | [KMNB] ToRRaCa · wall_segment Palisade Wall x1 |
| 10:47 | [KMNB] ToRRaCa · wall_segment Palisade Wall x1 |
| 10:48 | [KMNB] ToRRaCa · wall_segment Palisade Wall x1 |
| 10:50 | [KMNB] ToRRaCa · wall_segment Palisade Wall x1 |
| 11:04 | [KMNB] Galodoido · wall_segment Palisade Wall x2 |
| 11:05 | [KMNB] Galodoido · wall_segment Palisade Wall x2 |
| 11:12 | MapucheMaldonado · wall_segment Palisade Wall x8 |
| 11:21 | Kolor Peru · age_up feudal |
| 11:44 | MapucheMaldonado · first_building Archery Range |
| 11:46 | [KMNB] Galodoido · wall_segment Palisade Wall x1 |
| 11:48 | [KMNB] Galodoido · wall_segment Palisade Wall x1 |
| 12:02 | [KMNB] Galodoido · wall_segment Palisade Wall x1 |
| 12:06 | Kolor Peru · first_market_sell 100 wood |
| 12:09 | Kolor Peru · first_market_buy 100 food |
| 12:13 | MapucheMaldonado · wall_segment Palisade Wall x1 |
| 12:16 | MapucheMaldonado · wall_segment Palisade Wall x1 |
| 12:26 | [KMNB] ToRRaCa · wall_segment Palisade Wall x1 |
| 12:49 | MapucheMaldonado · wall_segment Palisade Wall x2 |
| 12:51 | MapucheMaldonado · wall_segment Palisade Wall x4 |
| 12:52 | MapucheMaldonado · wall_segment Palisade Wall x1 |
| 13:10 | Kolor Peru · wall_segment Palisade Wall x6 |
| 13:11 | Kolor Peru · wall_segment Palisade Wall x5 |
| 13:31 | Kolor Peru · wall_segment Palisade Wall x9 |
| 13:36 | Kolor Peru · wall_segment Palisade Wall x5 |
| 13:37 | Kolor Peru · wall_segment Palisade Wall x5 |
| 13:39 | Kolor Peru · wall_segment Palisade Wall x1 |
| 13:41 | Kolor Peru · wall_segment Palisade Wall x5 |
| 13:50 | Kolor Peru · wall_segment Palisade Wall x6 |
| 14:02 | Kolor Peru · wall_segment Palisade Wall x3 |
| 14:13 | LMC | Bartolomee123 · wall_segment Palisade Wall x1 |
| 14:14 | LMC | Bartolomee123 · wall_segment Palisade Wall x1 |
| 14:16 | LMC | Bartolomee123 · wall_segment Palisade Wall x3 |
| 14:21 | [KMNB] ToRRaCa · wall_segment Palisade Wall x6 |
| 14:26 | [KMNB] ToRRaCa · wall_segment Palisade Wall x1 |
| 14:46 | Kolor Peru · wall_segment Palisade Wall x1 |
| 15:09 | Kolor Peru · age_up castle |
| 15:52 | [KMNB] Galodoido · wall_segment Palisade Wall x1 |
| 15:53 | Kolor Peru · first_building Castle |
| 15:53 | [KMNB] Galodoido · wall_segment Palisade Wall x1 |
| 15:54 | MapucheMaldonado · first_market_buy 100 wood |
| 15:59 | MapucheMaldonado · wall_segment Palisade Wall x8 |
| 15:59 | [KMNB] ToRRaCa · wall_segment Palisade Wall x9 |
| 16:10 | MapucheMaldonado · wall_segment Palisade Wall x4 |
| 16:13 | MapucheMaldonado · wall_segment Palisade Wall x11 |
| 16:26 | LMC | Bartolomee123 · wall_segment Stone Wall x1 |
| 16:27 | LMC | Bartolomee123 · wall_segment Stone Wall x1 |
| 16:27 | LMC | Bartolomee123 · wall_segment Stone Wall x1 |
| 16:33 | [KMNB] Galodoido · wall_segment Palisade Wall x2 |
| 19:10 | MapucheMaldonado · first_market_sell 100 wood |
| 19:14 | LMC | Bartolomee123 · wall_segment Stone Wall x1 |
| 19:21 | [KMNB] ToRRaCa · wall_segment Palisade Wall x1 |
| 19:23 | LMC | Bartolomee123 · wall_segment Stone Wall x1 |
| 19:23 | [KMNB] ToRRaCa · wall_segment Palisade Wall x4 |
| 19:23 | LMC | Bartolomee123 · wall_segment Stone Wall x1 |
| 19:53 | LMC | Bartolomee123 · wall_segment Palisade Wall x1 |
| 20:45 | [KMNB] Bandeira · first_market_buy 100 food |
| 21:21 | MapucheMaldonado · wall_segment Palisade Wall x1 |
| 21:21 | MapucheMaldonado · wall_segment Palisade Wall x1 |
| 21:22 | MapucheMaldonado · wall_segment Palisade Wall x1 |
| 21:22 | MapucheMaldonado · wall_segment Palisade Wall x1 |
| 21:42 | [KMNB] ToRRaCa · wall_segment Palisade Wall x1 |
| 21:54 | MapucheMaldonado · age_up castle |
| 22:04 | [KMNB] ToRRaCa · first_market_buy 100 food |
| 23:01 | MapucheMaldonado · wall_segment Palisade Wall x6 |
| 23:29 | [KMNB] Bandeira · age_up castle |
| 23:50 | LMC | Bartolomee123 · age_up castle |
| 23:51 | MapucheMaldonado · wall_segment Palisade Wall x2 |
| 23:59 | LMC | Bartolomee123 · first_building Siege Workshop |
| 24:11 | [KMNB] Galodoido · age_up castle |
| 24:33 | Kolor Peru · first_building Barracks |
| 24:34 | Kolor Peru · wall_segment Palisade Wall x1 |
| 24:36 | Kolor Peru · wall_segment Palisade Wall x1 |
| 24:47 | [KMNB] ToRRaCa · age_up castle |
| 25:53 | LMC | Bartolomee123 · first_building Monastery |
| 26:30 | [KMNB] Galodoido · first_building Siege Workshop |
| 27:07 | [KMNB] Galodoido · wall_segment Palisade Wall x1 |
| 27:49 | MapucheMaldonado · first_building Castle |
| 27:58 | [KMNB] Galodoido · wall_segment Palisade Wall x2 |
| 28:00 | [KMNB] Galodoido · wall_segment Palisade Wall x4 |
| 28:13 | Kolor Peru · wall_segment Palisade Wall x16 |
| 28:34 | [KMNB] ToRRaCa · wall_segment Palisade Wall x1 |
| 29:25 | Kolor Peru · first_building Stable |
| 30:15 | LMC | Bartolomee123 · wall_segment Stone Wall x1 |
| 30:40 | [KMNB] Galodoido · wall_segment Stone Wall x6 |
| 30:45 | [KMNB] Bandeira · tribute_sent a jugador 2 |
| 30:45 | [KMNB] Bandeira · tribute_sent a jugador 3 |
| 30:45 | [KMNB] Bandeira · tribute_sent a jugador 4 |
| 30:45 | [KMNB] Bandeira · tribute_sent a jugador 5 |
| 30:45 | [KMNB] Bandeira · tribute_sent a jugador 6 |
| 31:34 | LMC | Bartolomee123 · wall_segment Stone Wall x1 |
| 32:35 | LMC | Bartolomee123 · first_market_buy 100 wood |
| 34:18 | MapucheMaldonado · first_building Siege Workshop |
| 35:05 | LMC | Bartolomee123 · wall_segment Stone Wall x3 |
| 35:13 | LMC | Bartolomee123 · wall_segment Stone Wall x1 |
| 35:36 | [KMNB] ToRRaCa · first_market_sell 100 food |
| 37:15 | MapucheMaldonado · age_up imperial |
| 37:49 | [KMNB] Bandeira · first_building Castle |
| 38:39 | [KMNB] Galodoido · first_building Castle |
| 39:39 | Kolor Peru · first_building Monastery |
| 39:47 | [KMNB] Galodoido · first_building Monastery |
| 40:47 | [KMNB] ToRRaCa · first_building Monastery |
| 41:50 | [KMNB] ToRRaCa · wall_segment Stone Wall x12 |
| 42:00 | Kolor Peru · age_up imperial |
| 42:41 | LMC | Bartolomee123 · age_up imperial |
| 42:41 | [KMNB] Bandeira · age_up imperial |
| 42:55 | [KMNB] ToRRaCa · wall_segment Stone Wall x13 |
| 43:11 | [KMNB] ToRRaCa · wall_segment Stone Wall x11 |
| 43:31 | [KMNB] ToRRaCa · wall_segment Stone Wall x14 |
| 43:37 | LMC | Bartolomee123 · first_market_sell 100 food |
| 43:39 | [KMNB] Bandeira · first_market_sell 500 stone |
| 43:45 | LMC | Bartolomee123 · first_building Castle |
| 44:19 | [KMNB] ToRRaCa · age_up imperial |
| 44:43 | [KMNB] ToRRaCa · wall_segment Stone Wall x4 |
| 46:06 | LMC | Bartolomee123 · first_building Archery Range |
| 47:35 | [KMNB] ToRRaCa · first_building Castle |
| 49:12 | [KMNB] ToRRaCa · wall_segment Palisade Wall x1 |
| 49:14 | [KMNB] ToRRaCa · wall_segment Palisade Wall x1 |
| 51:11 | MapucheMaldonado · wall_segment Stone Wall x3 |
| 51:13 | MapucheMaldonado · wall_segment Stone Wall x7 |
| 51:15 | MapucheMaldonado · wall_segment Stone Wall x5 |
| 51:19 | Kolor Peru · tribute_sent a jugador 1 |
| 51:19 | Kolor Peru · tribute_sent a jugador 3 |
| 51:19 | Kolor Peru · tribute_sent a jugador 4 |
| 51:19 | Kolor Peru · tribute_sent a jugador 5 |
| 51:19 | Kolor Peru · tribute_sent a jugador 6 |
| 52:03 | [KMNB] Galodoido · tribute_sent a jugador 1 |
| 52:03 | [KMNB] Galodoido · tribute_sent a jugador 2 |
| 52:03 | [KMNB] Galodoido · tribute_sent a jugador 3 |
| 52:03 | [KMNB] Galodoido · tribute_sent a jugador 4 |
| 52:03 | [KMNB] Galodoido · tribute_sent a jugador 6 |
| 52:32 | [KMNB] Galodoido · age_up imperial |
| 53:39 | [KMNB] Galodoido · first_market_sell 500 food |
| 54:50 | Kolor Peru · first_building Archery Range |
| 60:20 | [KMNB] ToRRaCa · first_building Siege Workshop |
| 61:41 | [KMNB] ToRRaCa · tribute_sent a jugador 1 |
| 61:41 | [KMNB] ToRRaCa · tribute_sent a jugador 2 |
| 61:41 | [KMNB] ToRRaCa · tribute_sent a jugador 4 |
| 61:41 | [KMNB] ToRRaCa · tribute_sent a jugador 5 |
| 61:41 | [KMNB] ToRRaCa · tribute_sent a jugador 6 |
| 64:01 | [KMNB] ToRRaCa · tribute_sent a jugador 1 |
| 64:01 | [KMNB] ToRRaCa · tribute_sent a jugador 2 |
| 64:01 | [KMNB] ToRRaCa · tribute_sent a jugador 4 |
| 64:01 | [KMNB] ToRRaCa · tribute_sent a jugador 5 |
| 64:01 | [KMNB] ToRRaCa · tribute_sent a jugador 6 |
| 65:32 | [KMNB] ToRRaCa · wall_segment Stone Wall x11 |
| 66:28 | [KMNB] Galodoido · resign |
[ AI ANALYSIS · 1 CREDIT ]
What really happened in this match?
Wolo.gg analyzes every decision: build order, eco, micro, common mistakes by bracket. Personalized analysis on WhatsApp or Discord in 30 seconds.
Civ guide
Khitans
Perfil
Jugador #2270406